AoeStats
← Abadengo

Nomad

510734269Analyzed
3v3 RM · 2d ago on Oct 2, 2026· 33m 21s· 6 players
Game mode
Random Map
Map size
210×210
Population
200
Speed
Normal
Resources
Standard
Victory
Conquest
Starting age
Dark Age
Ending age
Imperial Age
RankedLock teamsTeams togetherTeam positionsShared explorationLock speedFull tech treeHidden civsTurbo modeCheats
Victory
Defeat
🇨🇳 Mongols · China
1330
+15
🇳🇿 Wei · New Zealand
1280
+17
🇧🇷 Koreans · Brazil
1268
+18
🇮🇳 Vikings · India
1389
-20
🇦🇪 Britons · United Arab Emirates
1337
-18
🇵🇱 Varangians · Poland
1201
-12
Tabosa
5:09 Loom
14:36 Feudal Age
15:25 Double-Bit Axe
16:15 Gold Mining
20:07 Fletching
20:28 Fishing Lines
24:04 Castle Age
25:09 Medium Warships
24:50 Gillnets
25:06 Bodkin Arrow
26:33 Bow Saw
27:38 Gold Shaft Mining
26:53 Stone Mining
30:25 Ballistics
29:26 Crossbowman
30:12 Thumb Ring
33:02 Wheelbarrow
32:12 Town Watch
32:51 Horse Collar
33:04 Stone Mining
donE!
4:44 Loom
12:19 Feudal Age
12:51 Double-Bit Axe
17:45 Fishing Lines
18:05 Fletching
24:28 Castle Age
25:28 Medium Warships
25:57 Bodkin Arrow
26:52 Gillnets
30:09 Wheelbarrow
29:28 Town Watch
32:13 Bow Saw
31:56 Gold Mining
32:31 Scale Mail Armor
32:41 Forging
红蜻蜓101
4:41 Loom
15:36 Feudal Age
19:00 Castle Age
17:33 Forging
17:52 Scale Barding Armor
19:11 Light Cavalry
27:02 Fletching
26:59 Double-Bit Axe
28:16 Ballistics
28:13 Bodkin Arrow
29:06 Padded Archer Armor
31:41 Horse Collar
32:12 Bow Saw
KAROLLOKO
8:31 Loom
13:23 Feudal Age
14:21 Double-Bit Axe
21:09 Castle Age
21:43 Bloodlines
22:14 Medium Warships
23:19 Forging
24:55 Horse Collar
28:00 Wheelbarrow
28:19 Husbandry
Abadengo
4:45 Loom
4:54 Loom
5:49 Loom
13:14 Feudal Age
21:37 Wheelbarrow
23:24 Double-Bit Axe
24:54 Horse Collar
30:48 Castle Age
29:16 Fletching
31:00 Padded Archer Armor
31:49 Hand Cart
30:59 Crossbowman
31:55 Bodkin Arrow
32:14 Bow Saw
KursedKnight993
13:48 Feudal Age
17:47 Castle Age
16:30 Double-Bit Axe
16:52 Loom
19:24 Medium Warships
19:07 Fletching
19:46 Bodkin Arrow
21:25 Bow Saw
29:28 Elite Skirmisher
Connection lost

Rejoining the realm…

Still unreachable

The connection could not be restored.

Session expired

The server has moved on; the page needs a fresh start.